[Event "Late-Titled-Tuesday-Blitz-April-16-2024"]
[Site "Chess.com"]
[Date "2024.04.16"]
[Round "1"]
[White "bipe137"]
[Black "lagedema"]
[Result "0-1"]
[WhiteElo "2706"]
[BlackElo "2426"]
[TimeControl "180+1"]
[EndTime "14:01:50 PDT"]
[Termination "lagedema won by resignation"]

1. d4 Nf6 2. c4 e6 3. Nc3 Bb4 4. f3 c5 5. d5 b5 6. e4 bxc4 7. Bxc4 Nxd5 8. Bxd5 exd5 9. Qxd5 Nc6 10. Ne2 Ba6 11. Be3 O-O 12. Kf2 Re8 13. Bxc5 Re5 0-1

[Event "Late-Titled-Tuesday-Blitz-April-16-2024"]
[Site "Chess.com"]
[Date "2024.04.16"]
[Round "1"]
[White "Lady_Nika"]
[Black "Harsha_Bharathakoti"]
[Result "0-1"]
[WhiteElo "2498"]
[BlackElo "2927"]
[TimeControl "180+1"]
[EndTime "14:02:09 PDT"]
[Termination "Harsha_Bharathakoti won by resignation"]

1. e4 c5 2. Nf3 e6 3. c3 Nf6 4. e5 Nd5 5. d4 cxd4 6. cxd4 b6 7. Be2 Ba6 8. O-O Be7 9. a3 Bxe2 10. Qxe2 Nc6 11.
Nc3 Nxc3 12. bxc3 d5 13. a4 Rc8 14. Ba3 Bxa3 15. Rxa3 O-O 16. h3 Na5 17. Qa2 Qe7 18.
Nd2 Rc6 19. Rc1 Rfc8 20. Kh2 Qg5 21. Nb3 Nxb3 0-1

[Event "Late-Titled-Tuesday-Blitz-April-16-2024"]
[Site "Chess.com"]
[Date "2024.04.16"]
[Round "1"]
[White "a-z30"]
[Black "andrew-blr"]
[Result "1-0"]
[WhiteElo "2378"]
[BlackElo "2650"]
[TimeControl "180+1"]
[EndTime "14:02:17 PDT"]
[Termination "a-z30 won by resignation"]

1. d3 d5 2. Nf3 g6 3. g3 Bg7 4. Bg2 c5 5. O-O Nc6 6. c4 Nf6 7. Nc3 O-O 8. cxd5 Nxd5 9. Nxd5 Qxd5 10. Be3 Qd6 11. Rc1 b6 12. d4 cxd4 13. Rxc6 Qxc6 14. Nxd4 Qa4 15. Qxa4 1-0

[Event "Late-Titled-Tuesday-Blitz-April-16-2024"]
[Site "Chess.com"]
[Date "2024.04.16"]
[Round "1"]
[White "Klendi"]
[Black "Byniolus"]
[Result "0-1"]
[WhiteElo "2465"]
[BlackElo "2850"]
[TimeControl "180+1"]
[EndTime "14:02:38 PDT"]
[Termination "Byniolus won by resignation"]

1. e4 d6 2. d4 Nf6 3. Nc3 c6 4. Nf3 Bg4 5. Be2 e6 6. h3 Bh5 7. Be3 d5 8. e5 Nfd7 9. g4 Bg6 10.
Qd2 c5 11. dxc5 Bxc5 12. Bxc5 Nxc5 13. Nd4 Nc6 14. Bb5 Qb6 15. f4 Be4 16. Rg1 O-O-O 17. Nxc6 bxc6 18. Bd3 Nxd3+ 19. cxd3 Qxg1+ 0-1

[Event "Late-Titled-Tuesday-Blitz-April-16-2024"]
[Site "Chess.com"]
[Date "2024.04.16"]
[Round "1"]
[White "GlavkonVVS"]
[Black "Mariia89"]
[Result "1-0"]
[WhiteElo "2586"]
[BlackElo "2247"]
[TimeControl "180+1"]
[EndTime "14:03:00 PDT"]
[Termination "GlavkonVVS won by resignation"]

1. c4 c5 2. Nc3 Nc6 3. g3 g6 4. Bg2 Bg7 5. Nf3 Nf6 6. O-O O-O 7. d3 d6 8. a3 Bd7 9. Rb1 Nd4 10. e3 Nc6 11. b4 cxb4 12. axb4 Bg4 13. h3 Bxf3 14. Bxf3 Rc8 15. b5 Ne5 16. Bxb7 Rb8 17. Bg2 Qa5 18. Qc2 Nfd7 19. Bd2 Qd8 20. Ra1 1-0

[Event "Late-Titled-Tuesday-Blitz-April-16-2024"]
[Site "Chess.com"]
[Date "2024.04.16"]
[Round "1"]
[White "MyDream003"]
[Black "DinaBelenkaya"]
[Result "1-0"]
[WhiteElo "2799"]
[BlackElo "2441"]
[TimeControl "180+1"]
[EndTime "14:03:13 PDT"]
[Termination "MyDream003 won by resignation"]

1. e4 c6 2. d4 d5 3. e5 Bf5 4. Nf3 e6 5. Be2 Ne7 6. O-O Bg6 7. Nbd2 Nf5 8. Nb3 Be7 9. c3 Nd7 10. Bd3 h5 11. Qe2 a6 12. h3 c5 13. Nxc5 Nxc5 14.
dxc5 Bxc5 15. Bxf5 Bxf5 16. Be3 Qb6 17. Bxc5 Qxc5 18.
Nd4 Be4 19. a3 h4 20. f3 Bg6 21. Qf2 Rh5 22. Rfe1 Kf8 23. Nxe6+ fxe6 24. Qxc5+ Kg8 25. Rad1 1-0

[Event "Late-Titled-Tuesday-Blitz-April-16-2024"]
[Site "Chess.com"]
[Date "2024.04.16"]
[Round "1"]
[White "lamomiajunior"]
[Black "jbking07"]
[Result "1-0"]
[WhiteElo "2737"]
[BlackElo "2408"]
[TimeControl "180+1"]
[EndTime "14:03:20 PDT"]
[Termination "lamomiajunior won by resignation"]

1. d4 Nf6 2. c4 e6 3. Nc3 d5 4. cxd5 exd5 5. Bg5 Be7 6. e3 O-O 7. Bd3 c6 8. Nf3 h6 9. Bf4 Nbd7 10. h3 Re8 11. O-O Nf8 12. Ne5 Bd6 13. Bh2 Qc7 14. f4 a6 15. Rc1 Qe7 16. g4 Ne4 17. Bxe4 dxe4 18. Nxe4 Bc7 19. Qb3 Rb8 20. f5 Kh7 21. f6 gxf6 22. Nxf6+ Kg7 23. Nxe8+ 1-0

[Event "Late-Titled-Tuesday-Blitz-April-16-2024"]
[Site "Chess.com"]
[Date "2024.04.16"]
[Round "1"]
[White "semchik73"]
[Black "Revan_2002"]
[Result "0-1"]
[WhiteElo "2396"]
[BlackElo "2714"]
[TimeControl "180+1"]
[EndTime "14:03:27 PDT"]
[Termination "Revan_2002 won by resignation"]

1. Nf3 d5 2. c4 c6 3. e3 Nf6 4.
Nc3 Nbd7 5. d4 e6 6. Bd3 dxc4 7.
Bxc4 b5 8. Bd3 a6 9. O-O c5 10. Qe2 Bb7 11. Rd1 Qc7 12. e4 cxd4 13. Nxd4 Bc5 14.
Nb3 Bd6 15. Bxb5 Bxh2+ 16. Kh1 axb5 17. Nxb5 Qb8 18. g3 Bxg3 19. fxg3 Bxe4+ 20. Kh2 O-O 21. Bf4 e5 22. Bg5 h6 23. Be3 Bf5 24. Nd6 Bg4 25. Qf2 Bxd1 0-1

[Event "Late-Titled-Tuesday-Blitz-April-16-2024"]
[Site "Chess.com"]
[Date "2024.04.16"]
[Round "1"]
[White "eCztery"]
[Black "BardArtem"]
[Result "0-1"]
[WhiteElo "2464"]
[BlackElo "2836"]
[TimeControl "180+1"]
[EndTime "14:03:30 PDT"]
[Termination "BardArtem won by resignation"]

1. e4 d5 2. exd5 Qxd5 3. Nf3 Bg4 4. Be2 Nc6 5. d4 O-O-O 6. Be3 e5 7. Nxe5 Bxe2 8.
Qxe2 Nxe5 9. dxe5 Qxg2 10. Rf1 Qxh2 11. Bxa7 Qf4 12. Nd2 Qa4 13. Be3 Qxc2 14. Ne4 Qxe4 15. Rc1 Bb4+ 0-1

[Event "Late-Titled-Tuesday-Blitz-April-16-2024"]
[Site "Chess.com"]
[Date "2024.04.16"]
[Round "1"]
[White "ashookk"]
[Black "rynos0411"]
[Result "1-0"]
[WhiteElo "2309"]
[BlackElo "2593"]
[TimeControl "180+1"]
[EndTime "14:03:46 PDT"]
[Termination "ashookk won by resignation"]

1. Nf3 Nf6 2. c4 g6 3. Nc3 Bg7 4. e4 d6 5. d4 O-O 6. Be2 Nbd7 7.
O-O e5 8. Re1 Qe7 9. Bf1 c6 10.
b3 Rd8 11. Bb2 a5 12. Qd2 Nf8 13. h3 exd4 14. Nxd4 Ne6 15. Nf5 gxf5 16. exf5 Qf8 17. fxe6 Bxe6 18. Re3 Kh8 19. Rg3 Qe7 20. Rxg7 Kxg7 21.
Ne4 Kf8 22. Qh6+ 1-0

[Event "Late-Titled-Tuesday-Blitz-April-16-2024"]
[Site "Chess.com"]
[Date "2024.04.16"]
[Round "1"]
[White "The_Machine04"]
[Black "ccccvhhhj"]
[Result "1-0"]
[WhiteElo "2783"]
[BlackElo "2435"]
[TimeControl "180+1"]
[EndTime "14:03:49 PDT"]
[Termination "The_Machine04 won by resignation"]

1. d4 e5 2. dxe5 d6 3. Nf3 Bg4 4. exd6 Bxd6 5. Nc3 Nc6 6. Bg5 f6 7. Bh4 Qe7 8. e3 O-O-O 9. Bd3 Ne5 10. Qe2 Nxd3+ 11. cxd3 Bb4 12. h3 Bh5 13. Bg3 g5 14. d4 Nh6 15. Qb5 Bg6 16. O-O Nf5 17. Nd5 Rxd5 18.
Qxd5 Nxg3 19. fxg3 Qxe3+ 20. Kh2 Bd6 21. Rae1 Bxg3+ 22. Kxg3 Qf4+ 23. Kf2 Rd8 24. Qe6+ Kb8 25. Kg1 h5 26.
Qe3 Qd6 27. Qe7 Qd5 28. Qxf6 Be4 29. Rxe4 1-0

[Event "Late-Titled-Tuesday-Blitz-April-16-2024"]
[Site "Chess.com"]
[Date "2024.04.16"]
[Round "1"]
[White "arturdailima"]
[Black "Nimrod_Veinberg"]
[Result "0-1"]
[WhiteElo "2399"]
[BlackElo "2721"]
[TimeControl "180+1"]
[EndTime "14:03:56 PDT"]
[Termination "Nimrod_Veinberg won by checkmate"]

1. Nf3 d5 2. d4 Nf6 3. Bf4 c5 4. e3 Nc6 5. Nbd2 e6 6. c3 cxd4 7. exd4 Nh5 8. Be3 Bd6 9. g3 Nf6 10. Bd3 O-O 11. O-O e5 12. dxe5 Nxe5 13. Nxe5 Bxe5 14. Nf3 Bc7 15. Bd4 Bg4 16. Be2 Re8 17. Re1 Ne4 18. Nd2 Bxe2 19. Rxe2 Qg5 20. Nxe4 dxe4 21.
Qc2 Qd5 22. Rae1 f5 23. Qb3 Qxb3 24. axb3 Kf7 25. Ra1 a6 26. Kg2 g6 27. f3 exf3+ 28. Kxf3 Rxe2 29. Kxe2 Re8+ 30. Kf3 g5 31. h3 h5 32. g4 fxg4+ 33. hxg4 h4 34. Kg2 Re2+ 35. Kh3 Rh2# 0-1

[Event "Late-Titled-Tuesday-Blitz-April-16-2024"]
[Site "Chess.com"]
[Date "2024.04.16"]
[Round "1"]
[White "SpongeBob_03"]
[Black "djano"]
[Result "0-1"]
[WhiteElo "2276"]
[BlackElo "2600"]
[TimeControl "180+1"]
[EndTime "14:03:58 PDT"]
[Termination "djano won by resignation"]

1. e4 c5 2. Nf3 g6 3. c4 Bg7 4. d4 Qa5+ 5. Nc3 d6 6. Be3 Nc6 7. Be2 Nf6 8. O-O Ng4 9. Bd2 cxd4 10. Nxd4 Qh5 11. h3 Nxd4 12. Bxg4 Bxg4 13. Qxg4 Qxg4 14. hxg4 Rc8 15. b3 a6 16. Rac1 b5 17. cxb5 axb5 18. Be3 Rxc3 19. Bxd4 Bxd4 20. Rxc3 Bxc3 21. Rc1 b4 22. a3 Kd7 23. axb4 Bxb4 24. Rc4 Rb8 25. f4 Bc5+ 26. Kh2 Rb4 27. Rxb4 Bxb4 0-1

[Event "Late-Titled-Tuesday-Blitz-April-16-2024"]
[Site "Chess.com"]
[Date "2024.04.16"]
[Round "1"]
[White "sergiochess83"]
[Black "Levanzovsky"]
[Result "1-0"]
[WhiteElo "2961"]
[BlackElo "2504"]
[TimeControl "180+1"]
[EndTime "14:03:59 PDT"]
[Termination "sergiochess83 won by resignation"]

1. d3 d5 2. Nf3 c5 3. g3 Nc6 4.
Bg2 e5 5. O-O f6 6. c4 Be6 7.
cxd5 Bxd5 8. Nc3 Be6 9. e3 Bd6 10.
d4 cxd4 11. exd4 Bg4 12. Qa4 Qd7 13. Nb5 e4 14. Re1 f5 15. d5 Nge7 16. dxc6 bxc6 17.
Nxd6+ Qxd6 18. Bf4 Qe6 1-0

[Event "Late-Titled-Tuesday-Blitz-April-16-2024"]
[Site "Chess.com"]
[Date "2024.04.16"]
[Round "1"]
[White "Brown_Mamba24"]
[Black "teresin05"]
[Result "1-0"]
[WhiteElo "2637"]
[BlackElo "2341"]
[TimeControl "180+1"]
[EndTime "14:03:59 PDT"]
[Termination "Brown_Mamba24 won by resignation"]

1. d4 d5 2. Nf3 Nf6 3. c4 c6 4.
Nbd2 Bf5 5. Nh4 Bg6 6. Qb3 Qb6 7.
Qh3 Nbd7 8. c5 Qc7 9. Nxg6 fxg6 10. Qe6 g5 11. Nf3 h6 12. g3 Ne4 13. Qg6+ Kd8 14. Bh3 Ndf6 15. Ne5 Rg8 16. Nf7+ Ke8 17. Nd6+ Kd8 18. Qe8+ 1-0

[Event "Late-Titled-Tuesday-Blitz-April-16-2024"]
[Site "Chess.com"]
[Date "2024.04.16"]
[Round "1"]
[White "ContrVersia"]
[Black "Rawnsdale"]
[Result "1-0"]
[WhiteElo "2881"]
[BlackElo "2481"]
[TimeControl "180+1"]
[EndTime "14:04:09 PDT"]
[Termination "ContrVersia won by resignation"]

1. Nf3 d5 2. c4 e6 3. g3 Be7 4. Bg2 Nf6 5. b3 O-O 6. O-O Nbd7 7. Bb2 b6 8. Nc3 Bb7 9. e3 dxc4 10. bxc4 c5 11.
Qe2 Rc8 12. Rad1 Qc7 13. Ne1 Bxg2 14. Nxg2 Rfd8 15. f4 Nf8 16. g4 Qc6 17. d3 a6 18.
a4 Rd7 19. h4 Rcd8 20. g5 Ne8 21. e4 Nc7 22. Ne3 b5 23. axb5 axb5 24. Ng4 bxc4 25.
Ne5 Qb6 26. Nxd7 Rxd7 27. dxc4 Rd4 28. Na4 Qb3 29. Bxd4 cxd4 30. Nb2 Qg3+ 31. Qg2 Qxh4 32. Rd3 Qh5 33. Rh3 Qg6 34. Nd3 Na6 35. Ne5 1-0

[Event "Late-Titled-Tuesday-Blitz-April-16-2024"]
[Site "Chess.com"]
[Date "2024.04.16"]
[Round "1"]
[White "jsdbv18"]
[Black "Fjal"]
[Result "1-0"]
[WhiteElo "2624"]
[BlackElo "2317"]
[TimeControl "180+1"]
[EndTime "14:04:09 PDT"]
[Termination "jsdbv18 won by resignation"]

1. Nf3 d6 2. d4 g6 3. Bf4 Bg7 4.
e3 Nd7 5. c3 e5 6. Bg3 Qe7 7.
Nbd2 f5 8. Be2 Ngf6 9. Qb3 h6 10. dxe5 Nxe5 11. O-O-O a5 12. Nxe5 dxe5 13. Nc4 a4 14. Qb5+ Bd7 15. Qxe5 Qxe5 16. Nxe5 Be6 17. Nxg6 Bxa2 18.
Nxh8 Bxh8 19. Bxc7 Ne4 20. Bb5+ Kf8 21. Rd8+ Rxd8 22.
Bxd8 Bb3 23. f3 Nc5 24. Ba5 Kf7 25. Bb4 Ne6 26. Bd3 Kf6 27. Bc2 1-0

[Event "Late-Titled-Tuesday-Blitz-April-16-2024"]
[Site "Chess.com"]
[Date "2024.04.16"]
[Round "1"]
[White "duone"]
[Black "Vahe_Danielyan"]
[Result "0-1"]
[WhiteElo "2344"]
[BlackElo "2640"]
[TimeControl "180+1"]
[EndTime "14:04:11 PDT"]
[Termination "Vahe_Danielyan won by resignation"]

1. e4 e6 2. d4 d5 3. Nc3 Bb4 4. e5 c5 5. a3 Bxc3+ 6. bxc3 Ne7 7. Qg4 Nbc6 8. Nf3 Bd7 9. Qxg7 Rg8 10. Qxh7 Qa5 11. Qd3 O-O-O 12. Bd2 c4 13. Qe3 Nf5 14. Qf4 Qa4 15. Ra2 Nce7 16. h4 Ng6 17. Qh2 Qb5 18.
Ra1 Qb2 19. Rc1 Ba4 20. g4 Nfe7 21. h5 Nf8 22. Ng5 Bxc2 23. Nxf7 Rxg4 24. f3 Rg8 25. Nxd8 Kxd8 26. Be2 Nf5 27. h6 Nh7 28. Rg1 Rf8 29. Rg7 Nxg7 30. hxg7 Rg8 31. Qxh7 Bxh7 0-1

[Event "Late-Titled-Tuesday-Blitz-April-16-2024"]
[Site "Chess.com"]
[Date "2024.04.16"]
[Round "1"]
[White "balachess2006"]
[Black "TheoSlade"]
[Result "1-0"]
[WhiteElo "2692"]
[BlackElo "2382"]
[TimeControl "180+1"]
[EndTime "14:04:14 PDT"]
[Termination "balachess2006 won by resignation"]

1. c4 e6 2. Nf3 d5 3. g3 d4 4. Bg2 Nf6 5. O-O c5 6. e3 Nc6 7. d3 e5 8. exd4 exd4 9. Re1+ Be7 10. Na3 O-O 11. Nc2 Re8 12. a3 a5 13. b3 h6 14. Ne5 Nxe5 15. Rxe5 Bd6 16. Rxe8+ Qxe8 17. Bd2 Qe7 18. Qe1 Qxe1+ 19. Rxe1 Rb8 20. Bxa5 Bf5 21. Bf1 Ng4 22. f4 g5 23. h3 Nf6 24. g4 Bd7 25. f5 Bc6 26. a4 h5 27. Be2 hxg4 28. hxg4 Nd7 29. Bd2 f6 30. Kf2 Ne5 31. Rg1 Kf7 32.
Ne1 Rh8 33. Nf3 Rh2+ 34. Nxh2 1-0

[Event "Late-Titled-Tuesday-Blitz-April-16-2024"]
[Site "Chess.com"]
[Date "2024.04.16"]
[Round "1"]
[White "GianmarcoVaR"]
[Black "Akhayan"]
[Result "1-0"]
[WhiteElo "2739"]
[BlackElo "2409"]
[TimeControl "180+1"]
[EndTime "14:04:16 PDT"]
[Termination "GianmarcoVaR won by resignation"]

1. e3 e5 2. c4 Nf6 3. Nc3 c6 4. Nf3 e4 5. Nd4 d5 6. cxd5 cxd5 7. b3 Qb6 8. Bb2 Bc5 9. Na4 Qc7 10. Nxc5 Qxc5 11. Rc1 Qxc1 12. Qxc1 O-O 13. Be2 Nbd7 14. O-O Ne5 15. Qc7 Ng6 16. Rc1 Bd7 17.
Qxb7 Nh4 18. Nc6 Be6 19. Ne7+ Kh8 20. Bxf6 gxf6 21. Nxd5 Rab8 22. Qe7 Bxd5 23. Qxf6+ Kg8 24. Qxh4 Rb6 25. Qg5+ Rg6 26. Qxd5 1-0

[Event "Late-Titled-Tuesday-Blitz-April-16-2024"]
[Site "Chess.com"]
[Date "2024.04.16"]
[Round "1"]
[White "cristiano78"]
[Black "Squirlolz"]
[Result "1-0"]
[WhiteElo "2287"]
[BlackElo "2579"]
[TimeControl "180+1"]
[EndTime "14:04:17 PDT"]
[Termination "cristiano78 won by resignation"]

1. d4 c5 2. d5 g6 3. c4 Bg7 4. Nf3 d6 5. Nc3 Bxc3+ 6. bxc3 e5 7. e4 f5 8. Bd3 Nf6 9. Qc2 fxe4 10. Bxe4 Nxe4 11. Qxe4 Bf5 12. Qe2 Nd7 13. h3 Nf6 14. Bg5 h6 15. Bxf6 Qxf6 16. Nd2 O-O 17. O-O e4 18. Nxe4 Qe7 19. Rfe1 Rae8 20. f3 Bxe4 21.
Qxe4 Qxe4 22. Rxe4 Rxe4 23. fxe4 Rf4 24. Re1 Kg7 25.
Re3 Kf6 26. g3 1-0

[Event "Late-Titled-Tuesday-Blitz-April-16-2024"]
[Site "Chess.com"]
[Date "2024.04.16"]
[Round "1"]
[White "Tolyanius"]
[Black "StopLookingAtMyProfile"]
[Result "1-0"]
[WhiteElo "2630"]
[BlackElo "2327"]
[TimeControl "180+1"]
[EndTime "14:04:19 PDT"]
[Termination "Tolyanius won by checkmate"]

1. e4 e6 2. Nf3 d5 3. e5 c5 4.
b4 cxb4 5. d4 Qa5 6. a3 Bd7 7. Bd2 Bb5 8. axb4 Qxa1 9. Bxb5+ Nc6 10. O-O a6 11. Bxc6+ bxc6 12. c4 Qa2 13. c5 a5 14. Nc3 Qc4 15. Qa4 Qa6 16. b5 cxb5 17. Nxb5 Kd8 18. Ra1 Ne7 19. Ng5 Rb8 20. Nxf7+ Ke8 21.
Nbd6# 1-0

[Event "Late-Titled-Tuesday-Blitz-April-16-2024"]
[Site "Chess.com"]
[Date "2024.04.16"]
[Round "1"]
[White "Andrii_Prydun"]
[Black "Russian_berezka"]
[Result "1-0"]
[WhiteElo "2349"]
[BlackElo "2616"]
[TimeControl "180+1"]
[EndTime "14:04:21 PDT"]
[Termination "Andrii_Prydun won by resignation"]

1. e4 c5 2. d4 cxd4 3. c3 d3 4.
c4 Nc6 5. Nc3 g6 6. Bxd3 Bg7 7.
Nf3 d6 8. h3 Nf6 9. O-O O-O 10.
Be3 Be6 11. Qd2 Rc8 12. Rac1 Nb4 13. b3 Nxd3 14. Qxd3 Nd7 15. Bd4 Nc5 16. Qe3 a6 17. Bxg7 Kxg7 18. Nd4 Qa5 19. f4 Bd7 20. Rf2 Ne6 21. Nde2 Qc5 22. Qf3 Nd4 23. Nxd4 Qxd4 24. Rd1 Qc5 25. Rd5 Qa7 26. f5 gxf5 27. exf5 Bc6 28.
f6+ Kh8 29. fxe7 Rg8 30. Qf6+ Rg7 31. Rg5 Rg8 32. Nd5 Bxd5 33. e8=Q 1-0

[Event "Late-Titled-Tuesday-Blitz-April-16-2024"]
[Site "Chess.com"]
[Date "2024.04.16"]
[Round "1"]
[White "Cuchulin"]
[Black "NMJeevanK"]
[Result "0-1"]
[WhiteElo "2187"]
[BlackElo "2560"]
[TimeControl "180+1"]
[EndTime "14:04:23 PDT"]
[Termination "NMJeevanK won by resignation"]

1. d4 Nf6 2. Bf4 d6 3. Nc3 Nbd7 4. e4 c6 5. Nf3 Qa5 6. Qd2 e5 7. dxe5 dxe5 8. Be3 Bb4 9. Bd3 O-O 10. O-O Re8 11.
a3 Bxc3 12. bxc3 Nc5 13. Bxc5 Qxc5 14. Rfe1 Bg4 15. Qe3 Qxc3 16. Ng5 h6 17. h3 Bd7 18. Nf3 Be6 19. a4 Bc4 20. Bxc4 Qxc4 21. c3 a5 22. Nd2 Qe6 23. f3 Red8 24. Rab1 Qa2 25. Nf1 Rab8 26.
Ra1 Qe6 27. Reb1 Nh5 28. Rb6 Nf4 29. Rab1 Qg6 30. Qf2 Nxh3+ 0-1

[Event "Late-Titled-Tuesday-Blitz-April-16-2024"]
[Site "Chess.com"]
[Date "2024.04.16"]
[Round "1"]
[White "familijatop71"]
[Black "Zavgorodniy_Sergiy"]
[Result "0-1"]
[WhiteElo "2310"]
[BlackElo "2618"]
[TimeControl "180+1"]
[EndTime "14:04:25 PDT"]
[Termination "Zavgorodniy_Sergiy won by resignation"]

1. e4 c6 2. d4 d5 3. e5 Bf5 4. Nf3 e6 5. Be2 Nd7 6. O-O a6 7. c3 h6 8. Na3 c5 9. Nc2 Ne7 10.
Ne3 Bg6 11. a3 Rc8 12. Bd3 Bxd3 13. Qxd3 Nc6 14. b4 cxd4 15. cxd4 Be7 16. Bb2 O-O 17. Rac1 b5 18. Nd2 Nb6 19. Rc3 Nc4 20. Bc1 a5 21. bxa5 Qxa5 22. Ndxc4 bxc4 23. Qc2 Nxd4 24. Qd2 Qxc3 0-1

[Event "Late-Titled-Tuesday-Blitz-April-16-2024"]
[Site "Chess.com"]
[Date "2024.04.16"]
[Round "1"]
[White "GameOverBro"]
[Black "zano2023"]
[Result "1-0"]
[WhiteElo "2552"]
[BlackElo "2156"]
[TimeControl "180+1"]
[EndTime "14:04:26 PDT"]
[Termination "GameOverBro won by resignation"]

1. e4 d6 2. d4 Nf6 3. Nc3 c6 4. h3 Qc7 5. Nf3 e5 6. a4 Be7 7. Bc4 O-O 8. Ba2 a5 9. O-O b6 10. Re1 Na6 11. dxe5 dxe5 12. Nh4 Nb4 13. Bb3 Be6 14.
Bxe6 fxe6 15. Qe2 Rad8 16. Nf3 Nh5 17. Be3 Nf4 18. Bxf4 exf4 19. Rad1 e5 20. Qc4+ Kh8 21. Ne2 Rd7 22. Rxd7 Qxd7 23. Nxe5 Qd2 24. Rc1 h6 25.
Ng6+ 1-0

[Event "Late-Titled-Tuesday-Blitz-April-16-2024"]
[Site "Chess.com"]
[Date "2024.04.16"]
[Round "1"]
[White "SantoBlue"]
[Black "Ykow"]
[Result "1-0"]
[WhiteElo "3016"]
[BlackElo "2515"]
[TimeControl "180+1"]
[EndTime "14:04:29 PDT"]
[Termination "SantoBlue won by resignation"]

1. d4 d5 2. c4 e5 3. dxe5 d4 4.
a3 Nc6 5. Nf3 Nge7 6. Bf4 Ng6 7.
Bg3 a5 8. Nbd2 a4 9. h4 Ra5 10.
h5 Nge7 11. Bf4 Qd7 12. g3 h6 13. Bg2 d3 14. O-O dxe2 15. Qxe2 Qg4 16. b4 axb3 17. Nxb3 Ra8 18. Nfd4 Qxe2 19. Nxe2 Bg4 20. Nc3 Bxh5 21.
Nb5 Kd8 22. Bh3 Ng6 23. Rad1+ Bxd1 24. Rxd1+ Ke7 25. Rd7+ 1-0

[Event "Late-Titled-Tuesday-Blitz-April-16-2024"]
[Site "Chess.com"]
[Date "2024.04.16"]
[Round "1"]
[White "WoodlandMagic"]
[Black "SHIVACalypso"]
[Result "1-0"]
[WhiteElo "2831"]
[BlackElo "2460"]
[TimeControl "180+1"]
[EndTime "14:04:29 PDT"]
[Termination "WoodlandMagic won by resignation"]

1. c4 c5 2. Nf3 Nc6 3. Nc3 g6 4. e3 Bg7 5. d4 cxd4 6. exd4 Nf6 7. d5 Nb8 8. Be2 d6 9. O-O Nbd7 10. h3 O-O 11. Be3 b6 12. Nd4 Bb7 13. Re1 Rc8 14. Rc1 Ne5 15. b3 a6 16. a4 Nfd7 17. f4 Nc5 18. fxe5 dxe5 19. Nf3 f5 20. Ng5 Qd6 21. b4 Nd7 22. Ne6 f4 23. Bf2 Nf6 24. Nxf8 Rxf8 25. c5 Qd8 26. Bc4 Kh8 27. Rxe5 1-0

[Event "Late-Titled-Tuesday-Blitz-April-16-2024"]
[Site "Chess.com"]
[Date "2024.04.16"]
[Round "1"]
[White "GAO"]
[Black "biostatistician"]
[Result "0-1"]
[WhiteElo "2305"]
[BlackElo "2615"]
[TimeControl "180+1"]
[EndTime "14:04:29 PDT"]
[Termination "biostatistician won by resignation"]

1. e4 e5 2. Nf3 Nc6 3. d4 exd4 4. Bc4 Nf6 5. e5 d5 6. Bb5 Ne4 7. Nxd4 Bc5 8. Be3 Bd7 9. Bxc6 bxc6 10. O-O Qe7 11. f3 Nd6 12. f4 Nc4 13. Bf2 Nxb2 14. Qh5 Nc4 15. Nc3 O-O 16. Nce2 Nd2 17. Bh4 f6 18. Rfd1 Ne4 19. Rd3 Qe8 20. Qxe8 Raxe8 21. exf6 Nxf6 22. Kf1 Ng4 23. Bg3 Ne3+ 24. Ke1 Bxd4 25.
Nxd4 Nxc2+ 0-1

[Event "Late-Titled-Tuesday-Blitz-April-16-2024"]
[Site "Chess.com"]
[Date "2024.04.16"]
[Round "1"]
[White "ElCoachRene"]
[Black "N_Mullodzhanov"]
[Result "1-0"]
[WhiteElo "1964"]
[BlackElo "2525"]
[TimeControl "180+1"]
[EndTime "14:04:29 PDT"]
[Termination "ElCoachRene won by checkmate"]

1. Nf3 d5 2. d4 Nf6 3. Bf4 g6 4. e3 Bg7 5. h3 O-O 6. Bd3 c5 7. c3 Nc6 8. Nbd2 h6 9. Ne5 Nxe5 10. Bxe5 c4 11. Bc2 b5 12. O-O a5 13. a3 Be6 14.
e4 Nxe4 15. Bxg7 Nxd2 16. Bxf8 Nxf1 17. Bxh6 b4 18. axb4 axb4 19. Rxa8 Qxa8 20. Kxf1 b3 21. Bb1 Kh7 22. Bg5 Qa1 23. Bxg6+ Kxg6 24. Qxa1 Kxg5 25. Qc1+ Kg6 26. f4 Bf5 27. Kf2 e6 28. Qe3 Be4 29. g4 f5 30. Qg3 Kf6 31. Qh4+ Kg7 32. Qe7+ Kg6 33. Qxe6+ Kg7 34. g5 Bc2 35. h4 Bd1 36. Qf6+ Kg8 37. g6 Bf3 38. Qf7+ Kh8 39. Qh7# 1-0

[Event "Late-Titled-Tuesday-Blitz-April-16-2024"]
[Site "Chess.com"]
[Date "2024.04.16"]
[Round "1"]
[White "VinzentSpitzl"]
[Black "Durarbayli"]
[Result "0-1"]
[WhiteElo "2480"]
[BlackElo "2880"]
[TimeControl "180+1"]
[EndTime "14:04:30 PDT"]
[Termination "Durarbayli won by resignation"]

1. d4 d5 2. Nf3 Nf6 3. c4 c6 4. e3 Bf5 5. Nc3 e6 6. Bd3 Bg6 7. O-O Bb4 8. Qc2 O-O 9. Bd2 dxc4 10. Bxg6 hxg6 11. Ne5 b5 12. a4 Bxc3 13. Bxc3 Nd5 14. Bd2 Qd6 15. b3 cxb3 16. Qxb3 Nd7 17. Nd3 a6 18. Rfc1 Rfc8 19. Qa2 N7b6 20. a5 Nc4 21. e4 Nf6 22. Rxc4 bxc4 23. Qxc4 Nxe4 24. Bf4 Qd5 25. Qb4 c5 26. dxc5 Qxd3 0-1

[Event "Late-Titled-Tuesday-Blitz-April-16-2024"]
[Site "Chess.com"]
[Date "2024.04.16"]
[Round "1"]
[White "GothamChess"]
[Black "Godzillator"]
[Result "1-0"]
[WhiteElo "2682"]
[BlackElo "2378"]
[TimeControl "180+1"]
[EndTime "14:04:30 PDT"]
[Termination "GothamChess won by resignation"]

1. e4 d5 2. exd5 Qxd5 3. h3 c6 4. d4 Bf5 5. Nf3 Nf6 6. c4 Qd6 7. g4 Be4 8. Bg2 Nbd7 9. Nc3 Bxf3 10. Bxf3 e6 11. g5 Ng8 12. d5 exd5 13. cxd5 c5 14. Nb5 Qe5+ 15. Qe2 Kd8 16. Be3 a6 17. Nc3 Ne7 18. O-O-O Nf5 19. Rhe1 Nxe3 20. Qxe3 Qxe3+ 21. Rxe3 Bd6 22. Kb1 Bf4 23. Re2 Bxg5 24. d6 Kc8 25. Rde1 Rd8 26. Nd5 b5 27. Ne7+ Kb8 28. Nc6+ Kc8 29.
Nxd8 Ra7 30. Nc6 1-0

[Event "Late-Titled-Tuesday-Blitz-April-16-2024"]
[Site "Chess.com"]
[Date "2024.04.16"]
[Round "1"]
[White "AjedrezenMadrid"]
[Black "Firouzja2003"]
[Result "0-1"]
[WhiteElo "2523"]
[BlackElo "3036"]
[TimeControl "180+1"]
[EndTime "14:04:31 PDT"]
[Termination "Firouzja2003 won by resignation"]

1. Nf3 Nf6 2. b3 g6 3. Bb2 Bg7 4. g3 O-O 5. Bg2 d6 6. d4 Nbd7 7. O-O c6 8. Nbd2 Re8 9. e4 e5 10. dxe5 dxe5 11. Re1 Qc7 12. Nc4 Bf8 13. a4 b6 14. Qd2 Ba6 15. Qc3 Bg7 16. Rad1 Bxc4 17. Qxc4 a5 18. Bh3 Nc5 19. Ng5 h6 20. Rd7 Ncxd7 21.
Qxf7+ Kh8 22. Rd1 hxg5 23. Bxd7 Rad8 24. Qxg6 Rxd7 25. Rxd7 Qxd7 0-1